 Seeded DCSS version 0.31-a0-210-gccc998df9b (webtiles) character file.

Game seed: 8113056780134302019 (custom seed)

3068 innerfire43 the Fighter (level 9, -10/74 HPs)
             Began as a Demonspawn Monk on June 30, 2023.
             Was an Initiate of Uskayaw.
             Mangled by an orc knight
             ... wielding a +0 halberd
              (36 damage)
             ... in a bailey.
             The game lasted 00:08:30 (5568 turns).

innerfire43 the Fighter (Demonspawn Monk)           Turns: 5568, Time: 00:08:31

Health: -10/74     AC:  9    Str: 16    XL:     9   Next: 58%
Magic:  6/9        EV: 16    Int: 11    God:    Uskayaw [......]
Gold:   163        SH:  0    Dex: 16    Spells: 8/8 levels left

rFire   + . .        f - +5 executioner's axe (distort)
rCold   . . .        (shield currently unavailable)
rNeg    . . .        v - +1 robe {Will+}
rPois   .            h - +0 helmet
rElec   .            q - +0 cloak
rCorr   .            o - +0 pair of gloves {infuse}
SInv    +            y - +0 pair of boots
Will    +....        (no amulet)
Stlth   +            j - ring of protection from fire
HPRegen 0.32/turn    e - ring of see invisible
MPRegen 0.11/turn

%: infuse magic (1 MP)
@: no status effects
A: thin metallic scales 1, demonic guardian 1, powered by death 1, demonic touch
2
a: Renounce Religion


You were in a bailey.
You worshipped Uskayaw.
Uskayaw was noncommittal.
You visited 2 branches of the dungeon, and saw 8 of its levels.
You also visited: Bailey.

You collected 333 gold pieces.
You spent 170 gold pieces at shops.

Inventory:

Hand Weapons
 a - a +0 hand axe
 f - a +5 executioner's axe of distortion (weapon)
Armour
 b - a +0 robe
 d - an orb of light
 h - a +0 helmet (worn)
 o - a +0 pair of gloves of infusion (worn)
 q - a +0 cloak (worn)
 v - a +1 robe of willpower (worn)
 y - a +0 pair of boots (worn)
Jewellery
 e - a ring of see invisible (right hand)
 j - a ring of protection from fire (left hand)
 k - a ring of ice
 A - a +6 ring of intelligence
 E - a ring of positive energy
Scrolls
 g - 3 scrolls of vulnerability {unknown}
 m - a scroll of amnesia {unknown}
 n - 2 scrolls of blinking {unknown}
 p - 6 scrolls of teleportation {unknown}
 r - a scroll of fog
 s - a scroll of torment {unknown}
 w - 3 scrolls of identify
 B - 2 scrolls of revelation
 G - a scroll of noise {unknown}
Potions
 c - a potion of ambrosia
 i - 6 potions of heal wounds {unknown}
 l - a potion of degeneration {unknown}
 t - a potion of attraction {unknown}
 u - a potion of enlightenment {unknown}
 x - 4 potions of resistance {unknown}
 z - 3 potions of haste {unknown}
 D - a potion of curing {unknown}
 F - 2 potions of lignification {unknown}
 H - 2 potions of cancellation {unknown}
 I - 3 potions of might {unknown}
 J - a potion of brilliance
 K - 2 potions of invisibility {unknown}


   Skills:
 + Level 8.2 Fighting
 * Level 8.0 Axes
 + Level 7.4 Dodging


You had 8 spell levels left.
You didn't know any spells.
Your spell library contained the following spells:

 Spells                   Type           Power      Damage    Failure   Level
 Slow                     Hex            0%         N/A       34%         1
 Ensorcelled Hibernation  Hex/Ice        0%         N/A       47%         2
 Poisonous Vapours        Pois/Air       0%         N/A       47%         2
 Confusing Touch          Hex            0%         N/A       71%         3
 Mephitic Cloud           Conj/Pois/Air  0%         N/A       71%         3
 Spider Form              Tmut/Pois      0%         N/A       71%         3
 Vampiric Draining        Necr           0%         2d6       71%         3
 Anguish                  Hex/Necr       0%         N/A       98%         4
 Animate Dead             Necr           0%         N/A       98%         4
 Borgnjor's Vile Clutch   Necr/Erth      0%         N/A       100%        5
 Freezing Cloud           Conj/Ice/Air   0%         6-21      100%        5
 Death Channel            Necr           0%         N/A       100%        6


Dungeon Overview and Level Annotations

Branches:
Dungeon (7/15)             Temple (1/1) D:6          Bailey (1/1)

Altars:
Hepliaklqana
Kikubaaqudgha
Qazlal
Trog
Uskayaw
Vehumet
Wu Jian

Shops:
D:1 ?

Annotations:
Abyss:1 Sigmund


Innate Abilities, Weirdness & Mutations

You are partially covered in thin metallic scales. (AC +2)
A weak demonic guardian rushes to your aid.
You regenerate a little health from kills.
Your touch may inflict irresistible damage on your foes.


Message History

You barely miss the orc. The orc closely misses you.
You slash the orc!
You kill the orc!
You see here a +0 spear.
An orc comes into view. It is wielding a +0 halberd.
The orc shouts!
The orc hits you but does no damage. The orc misses you.
There is an open gate here.
You slice the orc!!
You kill the orc!
No target in view! 2 orc warriors come into view.
The orc warrior shouts! x2
There are monsters nearby!
As you read the scroll of identify, it crumbles to dust.
C - a scroll of fear
As you read the scroll of fear, it crumbles to dust.
You assume a fearsome visage.
The orc warrior looks frightened! x2
An orc knight comes into view. It is wielding a +0 halberd.
There is a huge open gate here.
Found 3 scrolls of enchant armour and a scroll of summoning.
The orc knight shouts!
As you read the scroll of identify, it crumbles to dust.
B - 2 scrolls of revelation
As you read the scroll of identify, it crumbles to dust.
J - a potion of brilliance An orc knight comes into view.
It is wielding a +0 trident.
Okay, then.
You stomp with the beat, sending a shockwave through the revellers around you!
You can no longer stomp with the beat.
The orc knight roars a battlecry!
The orc knight goes into a battle-frenzy!
Found 2 scrolls of enchant armour.
The orc knight hits you with a +0 halberd!!
You closely miss the orc knight.
The orc knight hits you with a +0 halberd!
A demonic guardian appears!
The orc knight hits you with a +0 halberd!!!
You die...

#.......#
#..#.#..#
#.......#
#.......#
#.......#
##.....##
#'''5'#
##.....##
#....@..#
#....o..#
#.......#
#....o..#
#.......#
#.......#
#..???..#
#..?.?..#


You could see 2 orc knights and a friendly shadow imp (summoned).

Vanquished Creatures
  Grinder (D:3)
  A wyvern (D:7)
  A water moccasin (D:5)
  2 black bears
  4 orc warriors (Bailey)
  2 ice beasts
  A sky beast (D:6)
  2 ogres (D:5)
  A gnoll sergeant (D:6)
  A scorpion (D:6)
  12 wights
  A howler monkey (D:4)
  2 hounds
  A jelly (D:5)
  8 iguanas
  7 gnolls
  10 adders
  A shadow imp (D:7)
  A white imp (D:6)
  An ufetubus (D:5)
  3 worms
  4 dart slugs
  27 orcs
  8 ball pythons
  10 bats
  6 endoplasms
  5 giant cockroaches
  11 goblins
  A hobgoblin (D:3)
  6 kobolds
  2 quokkas
  A frilled lizard (D:3)
  3 rats
147 creatures vanquished.

Vanquished Creatures (collateral kills)
  A wight (D:7)
1 creature vanquished.

Grand Total: 148 creatures vanquished

Notes
Turn   | Place    | Note
-------+----------+-------------------------------------------
     0 | D:1      | innerfire43 the Demonspawn Monk began the quest for the
                  | Orb.
     0 | D:1      | Reached XP level 1. HP: 18/18 MP: 1/1
   121 | D:1      | Gained mutation: Your touch may inflict minor irresistible
                  | damage on your foes. [demonic ancestry]
   121 | D:1      | Reached XP level 2. HP: 19/24 MP: 2/2
   169 | D:1      | Identified a scroll of acquirement
   169 | D:1      | Acquired a +3 executioner's axe of distortion
   295 | D:1      | You fall into a shaft and drop 1 floor!
   348 | D:2      | Reached XP level 3. HP: 22/29 MP: 3/3
   707 | D:2      | Gained mutation: You are partially covered in thin metallic
                  | scales. (AC +2) [demonic ancestry]
   707 | D:2      | Reached XP level 4. HP: 37/37 MP: 4/4
  1355 | D:3      | Noticed Grinder
  1361 | D:3      | Paralysed by Grinder for 2 turns
  1363 | D:3      | Killed Grinder
  1364 | D:3      | Gained mutation: Your touch may inflict irresistible damage
                  | on your foes. [demonic ancestry]
  1364 | D:3      | Reached XP level 5. HP: 37/43 MP: 5/5
  1364 | D:3      | Reached XP level 6. HP: 42/49 MP: 6/6
  1441 | D:3      | Acquired a +0 pair of gloves of infusion
  2080 | D:4      | Found an ancient bone altar of Kikubaaqudgha.
  2551 | D:5      | Entered Level 5 of the Dungeon
  2561 | D:5      | Reached skill level 5 in Fighting
  2840 | D:1      | Found Ponycs's Magic Scroll Shop.
  2844 | D:1      | Bought a scroll of identify for 22 gold pieces
  2844 | D:1      | Bought a scroll of identify for 22 gold pieces
  2844 | D:1      | Bought a scroll of enchant weapon for 82 gold pieces
  2844 | D:1      | Bought a scroll of identify for 22 gold pieces
  2844 | D:1      | Bought a scroll of identify for 22 gold pieces
  3275 | D:5      | Noticed a water moccasin
  3282 | D:5      | Killed a water moccasin
  3283 | D:5      | Gained mutation: A weak demonic guardian rushes to your
                  | aid. [demonic ancestry]
  3283 | D:5      | Reached XP level 7. HP: 54/56 MP: 5/7
  3369 | D:5      | Reached skill level 5 in Axes
  3369 | D:5      | Reached skill level 5 in Dodging
  3477 | D:5      | Found a hazy altar of Hepliaklqana.
  3694 | D:5      | Gained mutation: You regenerate a little health from kills.
                  | [demonic ancestry]
  3694 | D:5      | Reached XP level 8. HP: 61/64 MP: 3/8
  4229 | D:6      | Found a radiant altar of Vehumet.
  4264 | D:6      | Found a staircase to the Ecumenical Temple.
  4282 | Temple   | Entered the Ecumenical Temple
  4375 | Temple   | Became a worshipper of Uskayaw the Reveller
  4375 | Temple   | Reached * piety under Uskayaw
  4408 | D:6      | Reached XP level 9. HP: 66/72 MP: 7/9
  4537 | D:6      | Reached ** piety under Uskayaw
  4705 | D:6      | Noticed Sigmund
  4710 | D:6      | Banished Sigmund
  4975 | D:7      | Found an ornate altar of the Wu Jian Council.
  5059 | D:7      | Reached *** piety under Uskayaw
  5062 | D:7      | Found a flagged portal.
  5065 | D:7      | Reached **** piety under Uskayaw
  5172 | Bailey   | Entered a bailey
  5562 | Bailey   | Noticed an orc knight
  5565 | Bailey   | Noticed an orc knight
  5568 | Bailey   | Mangled by an orc knight

Illustrated notes

Levels and vault maps discovered:
D:1:      roderic_crossed_star, layout_rooms, serial_shops, nicolae_diamond_shop
D:2:      layout_loops_cross
D:3:      layout_basic, uniq_grinder
D:4:      layout_basic, zin_academy, kennysheep_mini
D:5:      layout_basic, kennysheep_mini_moat, grunt_decor_one_mirror,
          kennysheep_generic_room_9
D:6:      layout_loops_ring, vehumet_crystals, minmay_temple_entry_stoned_glass,
          uniq_sigmund
D:7:      layout_rooms, evilmike_ruin_ashenzari, lemuel_coloured_pillars_altar,
          enter_bailey_5
Temple:   bh_familiar_temple
Bailey:   bailey_polearm_5, bailey

Skill      XL: |  1  2  3  4  5  6  7  8  9 |
---------------+----------------------------+-----
Dodging        | 3 4 5 6 7 |  7.4
Axes           | 3 4 5 6 8 |  8.0
Fighting       | 4 5 6 7 8 |  8.2

Action                     |  1- 3 |  4- 6 |  7- 9 || total
---------------------------+-------+-------+-------++-------
  Melee: Hand axe          |    30 |       |       ||    30
         Executioner's axe |    45 |    89 |   130 ||   264
 Invoke: Stomp             |       |       |     1 ||     1
    Use: Scroll            |     1 |     3 |     5 ||     9
   Stab: Sleeping          |     1 |     1 |     1 ||     3
         Paralysed         |       |       |     3 ||     3
 Armour: Robe              |    18 |    35 |    48 ||   101
  Dodge: Dodged            |    68 |    98 |   152 ||   318

Table legend: (Time is in decaauts)
 A = Elapsed time spent in this place.
 B = Non-inter-level travel time spent in this place.
 C = Inter-level travel time spent in this place.
 D = Time resting spent in this place.
 E = Time spent auto-exploring this place.
 F = Levels seen in this place.
 G = Mean time per level.
                   A        B        C        D        E       F      G
               +--------+--------+--------+--------+--------+-----+--------+
         Total |   5743 |   5191 |    552 |      0 |   4176 |   9 |  638.1 |
       Dungeon |   5222 |   4686 |    536 |      0 |   3773 |   7 |  746.0 |
        Temple |    110 |     94 |     16 |      0 |     88 |   1 |  110.0 |
        Bailey |    410 |    410 |      0 |      0 |    315 |   1 |  410.0 |
               +--------+--------+--------+--------+--------+-----+--------+

Top non-repeatable levels by time:
     D:4: 1223 daAuts
     D:5: 980 daAuts
     D:2: 843 daAuts
     D:6: 722 daAuts
     D:1: 628 daAuts
     D:3: 531 daAuts
  Bailey: 410 daAuts
     D:7: 293 daAuts
  Temple: 110 daAuts
